 Dungeon Crawl Stone Soup version 0.31-a0-75-g6fe912e8c5 (webtiles) character file.

Game seed: 2506917854085622357

254 Sobieck the Ruffian (level 5, -9/50 HPs)
             Began as a Troll Fighter on May 23, 2023.
             Engulfed by a cloud of flame (20 damage)
             ... on level 3 of the Dungeon.
             The game lasted 00:05:24 (2428 turns).

Sobieck the Ruffian (Troll Fighter)                 Turns: 2428, Time: 00:05:25

Health: -9/50      AC:  4    Str: 24    XL:     5   Next: 90%
Magic:  0/4        EV:  8    Int:  6    God:
Gold:   139        SH:  7    Dex:  9    Spells: 4/4 levels left

rFire   . .          .
                       - Unarmed
rCold   . . .        b - +0 kite shield
rNeg    . . .        a - +0 robe
rPois   .            (helmet restricted)
rElec   .            (no cloak)
rCorr   .            (gloves unavailable)
SInv    .            (boots unavailable)
Will    .....        g - amulet of guardian spirit
Stlth   +            (no ring)
HPRegen 1.08/turn    (no ring)
MPRegen 0.09/turn

%: guardian spirit
@: no status effects
A: large, unfitting armour, claws 3, regeneration 1, shaggy fur 1, tough skin 1
a: no special abilities


You were on level 3 of the Dungeon.
You visited 1 branch of the dungeon, and saw 3 of its levels.

You collected 139 gold pieces.

Inventory:

Missiles
 Z - a throwing net
Armour
 a - a +0 robe (worn)
 b - a +0 kite shield (worn)
Jewellery
 g - an amulet of guardian spirit (around neck)
Scrolls
 d - 2 scrolls of fog {unknown}
 f - 2 scrolls of magic mapping {unknown}
 k - 4 scrolls of identify {unknown}
 l - 2 scrolls of enchant weapon {unknown}
 n - 2 scrolls of teleportation {unknown}
 p - 2 scrolls of vulnerability {unknown}
 r - a scroll of blinking {unknown}
Potions
 c - a potion of might
 e - a potion of enlightenment {unknown}
 h - a potion of heal wounds {unknown}
 i - 3 potions of lignification {unknown}
 j - a potion of brilliance {unknown}
 m - a potion of magic {unknown}
 o - a potion of haste {unknown}
 q - 2 potions of cancellation {unknown}


   Skills:
 - Level 2.4 Fighting
 - Level 2.4 Dodging
 - Level 2.7 Shields
 + Level 6.2 Unarmed Combat


You had 4 spell levels left.
You didn't know any spells.
Your spell library contained the following spells:

 Spells                   Type           Power      Damage    Failure   Level
 Kiss of Death            Conj/Necr      0%         2d5       73%         1
 Confusing Touch          Hex            0%         N/A       97%         3
 Inner Flame              Hex/Fire       0%         N/A       97%         3
 Dispel Undead            Necr           0%         3d6       100%        4
 Yara's Violent Unravell  Hex/Tmut       0%         3d3       100%        5
 Enfeeble                 Hex            0%         N/A       100%        7


Dungeon Overview and Level Annotations

Branches:
Dungeon (3/15)

Altars:
Vehumet

Shops:
D:2 (


Innate Abilities, Weirdness & Mutations

You are too large for most types of armour.
You have claws for hands.
Your natural rate of healing is unusually fast.
You are covered in fur. (AC +1)
You have tough skin. (AC +1)


Message History

A bat is nearby!
The bat hits you but does no damage.
You claw the bat!
You kill the bat!
No target in view!
No target in view!
An endoplasm comes into view.
The endoplasm quivers.
Danger!
An endoplasm is nearby!
The endoplasm hits you but does no damage.
An endoplasm is nearby!
You claw the endoplasm!
You kill the endoplasm!
No target in view!
No target in view!
Found a stone staircase leading up.
There is a stone staircase leading up here.
Things that are here:
a +0 hand axe; a +0 orcbow; an orc skeleton You see here a +0 trident.
Things that are here:
a +0 halberd; a gnoll skeleton You see here a +0 spear.
You see here a +0 flail.
Things that are here:
a +0 flail; 2 boomerangs; an orc skeleton You open the door.
Found a ring mail.
There is an open door here.
You see here a +0 ring mail.
You open the door.
There is an open door here.
There is an open door here.
There is an open door here.
Things that are here:
a +1 dagger of venom; a +0 sling Partly explored, can't reach some items and places.
Unknown command.
Partly explored, can't reach some items and places.
Partly explored, can't reach some items and places.
Unknown command.
Really walk into a travel-excluded area?
Unknown command.
You are engulfed in blazing flames.
Danger!
You are engulfed in blazing flames.
* * * LOW HITPOINT WARNING * * *
You are engulfed in blazing flames.
You die...

#..## ##' #?..# #.
#☼§§# #. #.☼§# ##.
#.☼§# ##..
######...##### #...
##.○☼§...:...§.## ##).
#..☼☼§.$$$.§☼☼..# ##.
#..§§@.$$$..§§..#####.
#.#####...#####.......
#.# #§§§# #######. #.#
#§§.# #. #.# #☼§.# #.
#.## #...# #. #..##
#..# #. ##..###.##
#########. ##......#
#......)..


There were no monsters in sight!

Vanquished Creatures
  An orc priest (D:3)
  An orc wizard (D:3)
  Robin (D:3)
  7 gnolls
  2 adders (D:2)
  2 worms (D:2)
  11 orcs (D:3)
  6 endoplasms
  4 giant cockroaches
  16 goblins
  11 hobgoblins
  4 jackals
  4 kobolds
  3 ball pythons
  5 bats
  2 frilled lizards
  3 rats
83 creatures vanquished.

Vanquished Creatures (others)
  An endoplasm (D:3)
  2 jackals (D:3)
3 creatures vanquished.

Grand Total: 86 creatures vanquished

Notes
Turn   | Place    | Note
-------+----------+-------------------------------------------
     0 | D:1      | Sobieck the Troll Fighter began the quest for the Orb.
     0 | D:1      | Reached XP level 1. HP: 22/22 MP: 0/0
   264 | D:1      | Reached XP level 2. HP: 28/29 MP: 1/1
   384 | D:1      | Reached skill level 3 in Unarmed Combat
   741 | D:2      | Found Syn Lemm's Antique Weapon Emporium.
   776 | D:2      | Reached XP level 3. HP: 20/36 MP: 0/2
   876 | D:2      | Reached skill level 4 in Unarmed Combat
   890 | D:2      | Reached XP level 4. HP: 6/44 MP: 0/3
  1178 | D:2      | Found a faded altar of an unknown god.
  1405 | D:3      | Noticed Robin
  1442 | D:3      | Killed Robin
  1443 | D:3      | Reached skill level 5 in Unarmed Combat
  1535 | D:3      | Found a radiant altar of Vehumet.
  1768 | D:3      | Reached XP level 5. HP: 30/50 MP: 2/4
  2059 | D:3      | HP: 1/50 [orc/+0 hand axe (4)]
  2061 | D:3      | Reached skill level 6 in Unarmed Combat
  2428 | D:3      | Engulfed by a cloud of flame

Illustrated notes

Levels and vault maps discovered:
D:1:      shiori_angband_town, layout_loops_ring,
          nicolae_kite_square_tiling_tiny
D:2:      layout_basic, hellmonk_ecumenical_altar_crossroads, serial_shops,
          shop, minmay_bisected
D:3:      layout_loops_corners, fiery_altar_vehumet, minmay_misc_feat_tower,
          lemuel_flame_loot_1, uniq_robin

Skill      XL: |  1  2  3  4  5 |
---------------+----------------+-----
Unarmed Combat | 3 4 5 6 |  6.2
Fighting       | |  2.4
Dodging        | |  2.4
Shields        | |  2.7

Action                     |  1- 3 |  4- 6 || total
---------------------------+-------+-------++-------
  Melee: Unarmed           |    79 |   144 ||   223
   Stab: Sleeping          |     1 |       ||     1
 Armour: Robe              |    24 |    33 ||    57
  Dodge: Dodged            |    25 |    47 ||    72
  Block: Kite shield       |    18 |    50 ||    68

Table legend: (Time is in decaauts)
 A = Elapsed time spent in this place.
 B = Non-inter-level travel time spent in this place.
 C = Inter-level travel time spent in this place.
 D = Time resting spent in this place.
 E = Time spent auto-exploring this place.
 F = Levels seen in this place.
 G = Mean time per level.
                   A        B        C        D        E       F      G
               +--------+--------+--------+--------+--------+-----+--------+
         Total |   2436 |   2375 |     61 |     78 |   1828 |   3 |  812.0 |
       Dungeon |   2436 |   2375 |     61 |     78 |   1828 |   3 |  812.0 |
               +--------+--------+--------+--------+--------+-----+--------+

Top non-repeatable levels by time:
     D:3: 1108 daAuts
     D:1: 735 daAuts
     D:2: 591 daAuts
